 Dungeon Crawl Stone Soup version 0.27-a0-1065-ge809cff (webtiles) character file.

Game seed: 7489240251384350969

82 Nithhogg the Skirmisher (level 4, -24/36 HPs)
             Began as a Demonspawn Fighter on Apr 22, 2021.
             Annihilated by an ogre
             ... wielding a +0 giant club
              (26 damage)
             ... on level 3 of the Dungeon.
             The game lasted 00:03:28 (2587 turns).

Nithhogg the Skirmisher (Demonspawn Fighter)        Turns: 2587, Time: 00:03:29

Health: -24/36     AC:  9    Str: 18    XL:     4   Next: 21%
Magic:  5/5        EV:  7    Int:  9    God:
Gold:   74         SH:  8    Dex: 12    Spells: 3/3 levels left

rFire    . . .     SeeInvis .   a - +0 war axe
rCold    . . .     Faith    .   c - +0 kite shield
rNeg     . . .     Spirit   .   b - +0 scale mail
rPois    .         Reflect  .   m - +1 helmet
rElec    .         Harm     .   (no cloak)
rCorr    .         Rampage  .   (no gloves)
Will     .....                  (no boots)
Stlth    ..........             (no amulet)
HPRegen  0.12/turn              (no ring)
MPRegen  0.09/turn              (no ring)

@: no status effects
A: foul stench 1
a: no special abilities


You were on level 3 of the Dungeon.
You visited 1 branch of the dungeon, and saw 3 of its levels.

You collected 74 gold pieces.

Inventory:

Hand Weapons
 a - a +0 war axe (weapon)
Armour
 b - a +0 scale mail (worn)
 c - a +0 kite shield (worn)
 m - a +1 helmet (worn)
Scrolls
 e - a scroll of fear
 j - 2 scrolls of identify
Potions
 d - a potion of might
 g - a potion of resistance {unknown}
 i - 2 potions of degeneration
 k - a potion of heal wounds {unknown}
 l - a potion of flight {unknown}


   Skills:
 + Level 3.6 Fighting
 + Level 2.5 Axes
 + Level 3.2 Armour
 - Level 2.6 Shields
 + Level 2.3 Invocations


You had 3 spell levels left.
You didn't know any spells.
Your spell library contained the following spells:

 Spells                   Type           Power      Damage    Failure   Level
 Confusing Touch          Hex            0%         N/A       100%        3
 Gell's Gravitas          Tloc           0%         N/A       100%        3
 Petrify                  Tmut/Erth      0%         N/A       100%        4
 Metabolic Englaciation   Hex/Ice        0%         N/A       100%        5
 Yara's Violent Unravell  Hex/Tmut       0%         3d3       100%        5


Dungeon Overview and Level Annotations

Branches:
Dungeon (3/15)

Altars:

Shops:
D:1 (


Innate Abilities, Weirdness & Mutations

You may rarely emit foul miasma when damaged in melee.


Message History

You are too injured to fight recklessly!
You are too injured to fight recklessly!
You are too injured to fight recklessly!
You are too injured to fight recklessly!
You are too injured to fight recklessly!
You are too injured to fight recklessly!
You are too injured to fight recklessly!
You are too injured to fight recklessly!
You are too injured to fight recklessly!
You are too injured to fight recklessly!
You are too injured to fight recklessly!
You are too injured to fight recklessly!
You are too injured to fight recklessly!
Your shield and scale mail prevent you from hitting the ogre.
The ogre barely misses you. x2
You slash the ogre!
The ogre is heavily wounded.
You block the ogre's attack.
You hit the ogre.
The ogre is heavily wounded.
The ogre barely misses you.
You barely miss the ogre.
The ogre is heavily wounded.
The ogre closely misses you.
You slash the ogre!
The ogre is severely wounded.
You block the ogre's attack. The ogre hits you with a +0 giant club!
* * * LOW HITPOINT WARNING * * *
You hit the ogre.
The ogre is almost dead.
The ogre barely misses you.
You barely miss the ogre.
The ogre is almost dead.
The ogre hits you with a +0 giant club!
* * * LOW HITPOINT WARNING * * *
You hit the ogre but do no damage.
The ogre is almost dead.
The ogre hits you with a +0 giant club!!
Ouch! That really hurt!
You die...

#+# #######
#.# #.#
#####.####
#........#
###.....##.##
+............
###....#.#.###
#.#.##.#.#
#..!@O...#
######.### .#


You could see an ogre.

Vanquished Creatures
  2 adders (D:2)
  A worm (D:2)
  An orc (D:3)
  4 ball pythons (D:2)
  An endoplasm (D:2)
  2 giant cockroaches (D:1)
  6 goblins
  A hobgoblin (D:2)
  18 jackals
  2 quokkas
  4 bats (D:1)
  A frilled lizard (D:1)
  4 kobolds
  2 rats
49 creatures vanquished.

Notes
Turn   | Place    | Note
-------+----------+-------------------------------------------
     0 | D:1      | Nithhogg the Demonspawn Fighter began the quest for the
                  | Orb.
     0 | D:1      | Reached XP level 1. HP: 18/18 MP: 1/1
   297 | D:1      | Found Wyizyf's Weapon Emporium.
   427 | D:1      | Reached skill level 1 in Invocations
   427 | D:1      | Gained mutation: You may rarely emit foul miasma when
                  | damaged in melee. [demonic ancestry]
   427 | D:1      | Reached XP level 2. HP: 22/24 MP: 2/2
   470 | D:1      | Found a faded altar of an unknown god.
   901 | D:2      | Reached XP level 3. HP: 19/29 MP: 4/4
  1754 | D:2      | Reached XP level 4. HP: 26/35 MP: 5/5
  2576 | D:3      | Noticed an ogre
  2587 | D:3      | Annihilated by an ogre

Illustrated notes

Levels and vault maps discovered:
D:1:      minmay_arrival_shattered_statue, layout_loops_cross,
          shapermc_ecumenical_altar_starsandcircs, serial_shops,
          nicolae_shop_competitors_out_of_business, chequers_mini_garden,
          minivault_25
D:2:      layout_loops_ring
D:3:      layout_loops_corners, lemuel_tele_altar, serial_shops, shop, uniq_ijyb

Skill      XL: |  1  2  3 |
---------------+----------+-----
Axes           | 2 |  2.5
Invocations    | 1 2 |  2.3
Armour         | 3 |  3.2
Fighting       | |  3.6
Shields        | |  2.6

Action                   |  1- 3 |  4- 6 || total
-------------------------+-------+-------++-------
Melee: War axe           |   126 |    41 ||   167
  Use: Scroll            |       |     4 ||     4
 Stab: Distracted        |     1 |       ||     1
Armor: Scale mail        |    81 |    28 ||   109
Dodge: Dodged            |    50 |    14 ||    64
Block: Kite shield       |    82 |    21 ||   103

Table legend: (Time is in decaauts)
 A = Elapsed time spent in this place.
 B = Non-inter-level travel time spent in this place.
 C = Inter-level travel time spent in this place.
 D = Time resting spent in this place.
 E = Time spent auto-exploring this place.
 F = Levels seen in this place.
 G = Mean time per level.
                   A        B        C        D        E       F      G
               +--------+--------+--------+--------+--------+-----+--------+
         Total |   2693 |   2641 |     52 |      0 |   2226 |   3 |  897.7 |
       Dungeon |   2693 |   2641 |     52 |      0 |   2226 |   3 |  897.7 |
               +--------+--------+--------+--------+--------+-----+--------+

Top non-repeatable levels by time:
     D:2: 1411 daAuts
     D:1: 871 daAuts
     D:3: 410 daAuts
